 Dungeon Crawl Stone Soup version 0.30-a0-800-g7c544603b3 (webtiles) character file.

Game seed: 15997379422332190254

508 Darius099 the Cleaver (level 6, -1/52 HPs)
             Began as a Minotaur Fighter on Feb 22, 2023.
             Was a Follower of Okawaru.
             Slain by Sigmund
             ... wielding a +1 scythe of flaming
              (5 damage)
             ... on level 4 of the Dungeon.
             The game lasted 00:08:08 (2891 turns).

Darius099 the Cleaver (Minotaur Fighter)            Turns: 2891, Time: 00:08:08

Health: -1/52      AC:  9    Str: 22    XL:     6   Next: 98%
Magic:  5/5        EV:  7    Int:  5    God:    Okawaru [*.....]
Gold:   188        SH:  4    Dex: 10    Spells: 5/5 levels left

rFire   . . .      SeeInvis .    a - +0 war axe
rCold   . . .      Faith    .    c - +0 buckler
rNeg    . . .      Spirit   .    g - +0 chain mail
rPois   .          Reflect  .    (helmet restricted)
rElec   .          Harm     .    (no cloak)
rCorr   .          Rampage  .    (no gloves)
Will    .....                    (no boots) Stlth
                                 (no amulet)
HPRegen 0.28/turn                (no ring)
MPRegen 0.09/turn                (no ring)

@: no status effects
A: horns 2, retaliatory headbutt
a: Renounce Religion, Heroism


You were on level 4 of the Dungeon.
You worshipped Okawaru.
Okawaru was aware of your devotion.
You visited 1 branch of the dungeon, and saw 4 of its levels.

You collected 188 gold pieces.

Inventory:

Hand Weapons
 a - a +0 war axe (weapon)
Missiles
 f - 35 stones (quivered)
 s - 3 javelins
Armour
 c - a +0 buckler (worn)
 g - a +0 chain mail (worn)
 u - a +0 cloak
Jewellery
 e - a ring of fire
Wands
 v - a wand of roots (6)
Scrolls
 b - 3 scrolls of vulnerability {unknown}
 h - 3 scrolls of teleportation {unknown}
 i - 3 scrolls of identify {unknown}
 o - 2 scrolls of magic mapping {unknown}
 p - a scroll of amnesia {unknown}
 q - a scroll of fog {unknown}
 t - 2 scrolls of fear {unknown}
 w - a scroll of acquirement {unknown}
 x - a scroll of blinking {unknown}
 y - 2 scrolls of enchant armour {unknown}
Potions
 d - a potion of might
 j - a potion of curing {unknown}
 k - a potion of brilliance {unknown}
 l - a potion of heal wounds
 m - a potion of cancellation {unknown}
 n - a potion of lignification {unknown}
 r - a potion of degeneration {unknown}
 z - 2 potions of berserk rage {unknown}


   Skills:
 - Level 3.8 Fighting
 + Level 8.9 Axes
 - Level 3.8 Armour
 - Level 3.8 Shields


You had 5 spell levels left.
You didn't know any spells.
Your spell library contained the following spells:

 Spells                   Type           Power      Damage    Failure   Level
 Apportation              Tloc           0%         N/A       99%         1
 Alistair's Intoxication  Tmut/Pois      0%         N/A       100%        5


Dungeon Overview and Level Annotations

Branches:
Dungeon (4/15)
 Temple: D:4-7

Altars:
Ashenzari
Okawaru
Uskayaw

Shops:
D:3 (

Annotations:
D:4 Sigmund


Innate Abilities, Weirdness & Mutations

You have a pair of horns on your head.
You reflexively headbutt those who attack you in melee.


Message History

Something hits you!
* * * LOW HITPOINT WARNING * * *
Something burns you.
* * * LOW HITPOINT WARNING * * *
The howler monkey hits you but does no damage.
You slash the howler monkey! Your headbutt misses the howler monkey.
The howler monkey is severely wounded.
The howler monkey barely misses you. You furiously retaliate!
You headbutt the howler monkey.
A magic dart appears from out of thin air!
The magic dart hits you but does no damage.
You closely miss the howler monkey.
The howler monkey is almost dead.
The howler monkey hits you but does no damage.
A magic dart appears from out of thin air!
The magic dart hits you but does no damage.
The howler monkey hoots and howls with incredible vigour!
You slash the howler monkey!
You kill the howler monkey!
Okawaru accepts your kill. Something hits you.
* * * LOW HITPOINT WARNING * * *
Something burns you.
* * * LOW HITPOINT WARNING * * *
You feel much better.
You hear some strange, mumbled words.
A puff of flame appears from out of thin air!
The puff of flame misses you. Something hits you. Something burns you.
You slash something! You completely miss something.
Something hits you but does no damage.
You slash something! Something hits you.
* * * LOW HITPOINT WARNING * * *
Something burns you.
* * * LOW HITPOINT WARNING * * *
You hit something but do no damage. Your headbutt misses something.
Something hits you!
* * * LOW HITPOINT WARNING * * *
Something burns you.
You die...

#######...# #..#
#.#.## ####
#.#..# #....#
###..#### #.....#
##.
##.##.#######....
#....).......#
#####.{@$....#
####.....#
#.....# #.....#
#.....# #.....#
#.....# #######


There were no monsters in sight!

Vanquished Creatures
  Menkaure (D:4)
  A black bear (D:4)
  A howler monkey (D:4)
  An orc priest (D:3)
  Natasha (thrice) (D:4)
  3 gnolls (D:3)
  4 adders
  An ufetubus (D:4)
  2 worms
  2 dart slugs
  6 orcs
  5 ball pythons
  5 bats
  4 endoplasms
  4 giant cockroaches
  5 goblins
  5 hobgoblins
  6 jackals
  9 kobolds
  A quokka (D:4)
  A frilled lizard (D:3)
  2 rats
72 creatures vanquished.

Notes
Turn   | Place    | Note
-------+----------+-------------------------------------------
     0 | D:1      | Darius099 the Minotaur Fighter began the quest for the Orb.
     0 | D:1      | Reached XP level 1. HP: 19/19 MP: 0/0
   163 | D:1      | Reached XP level 2. HP: 27/27 MP: 1/1
   264 | D:1      | Reached skill level 3 in Axes
   912 | D:2      | Found a faded altar of an unknown god.
  1060 | D:2      | Reached XP level 3. HP: 33/33 MP: 2/2
  1092 | D:2      | Reached skill level 4 in Axes
  1436 | D:3      | Reached XP level 4. HP: 36/40 MP: 3/3
  1473 | D:3      | Found a broken altar of Ashenzari.
  1474 | D:3      | Found an iron altar of Okawaru.
  1479 | D:3      | Became a worshipper of Warmaster Okawaru
  1534 | D:3      | Reached skill level 5 in Axes
  1601 | D:3      | Reached XP level 5. HP: 42/46 MP: 4/4
  1639 | D:3      | Reached skill level 6 in Axes
  1732 | D:3      | Found Seiref's Antique Weapon Emporium.
  2390 | D:4      | Noticed a black bear
  2396 | D:4      | Killed a black bear
  2397 | D:4      | Reached skill level 7 in Axes
  2455 | D:4      | Noticed Natasha
  2461 | D:4      | Noticed a +0 spear
  2461 | D:4      | Noticed a +0 spear
  2463 | D:4      | HP: 2/46 [constriction (4)]
  2465 | D:4      | Killed Natasha
  2466 | D:4      | Reached XP level 6. HP: 16/52 MP: 5/5
  2467 | D:4      | Noticed a +0 dagger
  2467 | D:4      | Noticed a +0 short sword
  2472 | D:4      | Noticed a +0 dagger
  2473 | D:4      | Noticed a +0 falchion
  2473 | D:4      | Noticed a +0 falchion
  2473 | D:4      | Noticed a +0 short sword
  2476 | D:4      | Noticed Natasha
  2486 | D:4      | Killed Natasha
  2487 | D:4      | Found a hide-covered altar of Uskayaw.
  2713 | D:4      | Noticed Natasha
  2723 | D:4      | Killed Natasha
  2800 | D:4      | Noticed Menkaure
  2806 | D:4      | Killed Menkaure
  2806 | D:4      | Reached * piety under Okawaru
  2807 | D:4      | Reached skill level 8 in Axes
  2868 | D:4      | Noticed Sigmund
  2885 | D:4      | HP: 1/52 [something (2)]
  2891 | D:4      | Slain by Sigmund

Illustrated notes

Levels and vault maps discovered:
D:1:      tarquinn_simple_flora_water_e, layout_loops_corners
D:2:      layout_basic, hellmonk_ecumenical_altar_run_dry, reono_crystal_passage
D:3:      layout_basic, gammafunk_temple_overflow_statue, serial_shops,
          shop_statue
D:4:      layout_rooms, nicolae_uskayaw_en_pointe,
          minmay_temple_entry_statues_pillars, uniq_sigmund, uniq_menkaure,
          uniq_natasha

Skill      XL: |  1  2  3  4  5  6 |
---------------+-------------------+-----
Axes           | 3 4 5 7 8 |  8.9
Fighting       | |  3.8
Armour         | |  3.8
Shields        | |  3.8

Action                     |  1- 3 |  4- 6 || total
---------------------------+-------+-------++-------
  Melee: War axe           |    85 |    97 ||   182
         Headbutt          |    11 |    18 ||    29
    Use: Potion            |       |     2 ||     2
 Armour: Scale mail        |    10 |       ||    10
         Chain mail        |    43 |    49 ||    92
  Dodge: Dodged            |    43 |    35 ||    78
  Block: Buckler           |    26 |    22 ||    48

Table legend: (Time is in decaauts)
 A = Elapsed time spent in this place.
 B = Non-inter-level travel time spent in this place.
 C = Inter-level travel time spent in this place.
 D = Time resting spent in this place.
 E = Time spent auto-exploring this place.
 F = Levels seen in this place.
 G = Mean time per level.
                   A        B        C        D        E       F      G
               +--------+--------+--------+--------+--------+-----+--------+
         Total |   2962 |   2853 |    109 |    156 |   1821 |   4 |  740.5 |
       Dungeon |   2962 |   2853 |    109 |    156 |   1821 |   4 |  740.5 |
               +--------+--------+--------+--------+--------+-----+--------+

Top non-repeatable levels by time:
     D:1: 925 daAuts
     D:3: 822 daAuts
     D:4: 679 daAuts
     D:2: 535 daAuts
